 Dungeon Crawl Stone Soup version 0.23-a0-338-g8ff0b24 (webtiles) character file.

141 Ijustatesigmund the Conjurer (level 5, -5/35 HPs)
             Began as an Octopode Conjurer on Oct 18, 2018.
             Killed from afar by an orc wizard (12 damage)
             ... with a magic dart
             ... on level 2 of the Dungeon.
             The game lasted 00:03:35 (1621 turns).

Ijustatesigmund the Conjurer (Octopode Conjurer)    Turns: 1621, Time: 00:03:36

Health: -5/35      AC:  1    Str:  7    XL:     5   Next: 24%
Magic:  8/8        EV: 13    Int: 17    God:
Gold:   61         SH:  0    Dex: 14    Spells: 2/8 levels left

rFire    . . .     SeeInvis .   d - +2 dagger (venom)
rCold    . . .     Gourm    .   (no shield)
rNeg     . . .     Faith    .   (helmet restricted)
rPois    .         Spirit   .   (no amulet)
rElec    .         Reflect  .   (no ring)
rCorr    .         Harm     .   (no ring)
MR       .....                  (no ring)
Stlth    +++.......             (no ring)
HPRegen  0.11/turn              (no ring)
MPRegen  0.11/turn              (no ring)
                                (no ring)
                                (no ring)

@: no status effects
A: almost no armour, stealthy swim, amphibious, 8 rings, constrict 8, camouflage
1, gelatinous body 1
a: no special abilities


You were on level 2 of the Dungeon.
You were hungry.

You visited 1 branch of the dungeon, and saw 2 of its levels.

You collected 61 gold pieces.

Inventory:

Hand Weapons
 d - a +2 dagger of venom (weapon)
Scrolls
 a - 2 scrolls of identify
 c - a scroll of immolation {unknown}
 e - 2 scrolls of remove curse
 f - a scroll of fear {unknown}
 g - a scroll of enchant weapon {unknown}
Comestibles
 b - a ration
 h - a chunk of flesh


   Skills:
 - Level 2.4 Fighting
 - Level 2.0 Dodging
 - Level 2.6 Stealth
 - Level 2.0 Spellcasting
 - Level 4.3 Conjurations
 + Level 3.4 Hexes


You had 2 spell levels left.
You knew the following spells:

 Your Spells              Type           Power        Failure   Level  Hunger
a - Magic Dart            Conj           ###.         3%          1    #......
b - Searing Ray           Conj           ###...       4%          2    ###....
c - Dazzling Spray        Conj/Hex       ##....       12%         3    ###....

Your spell library contained the following spells:

 Spells                   Type           Power        Failure   Level  Hunger
 Iskenderun's Mystic Bla  Conj           ###.....     32%         4    #####..
 Fulminant Prism          Conj/Hex       ##........   36%         4    #####..
 Force Lance              Conj/Tloc      #.......     63%         4    #####..


Dungeon Overview and Level Annotations

Branches:
Dungeon (2/15)

Altars:
Trog


Innate Abilities, Weirdness & Mutations

You cannot wear most types of armour.
You are very stealthy in the water. (Stealth+)
You are amphibious.
You can wear up to eight rings at the same time.
You can use your tentacles to constrict eight enemies at once.
Your skin changes colour to match your surroundings (Stealth+).
Your rubbery body absorbs attacks. (AC +1, EV +1)


Message History

You kill the orc priest!
Your Hexes skill increases to level 3!
You have reached level 5!
You feel agile.
You see here an orc corpse.
You butcher the orc corpse.
h - 2 chunks of flesh You see here an orc skeleton.
You start resting.
Eating one of 2 chunks of flesh.
You eat one of the 2 chunks of flesh.
This raw flesh tastes terrible.
An orc wizard comes into view. It is wielding a +0 dagger.
Things that are here:
a +0 leather armour; an orc corpse; a bat corpse You are feeling hungry.
A kobold comes into view. It is wielding a +0 dagger.
Found 7 gold pieces.
The orc wizard shouts!
The orc wizard casts a spell at you. The magic dart hits you!
You die...

##..≈......o[.....#≈≈≈≈≈
...#≈#.....)####o..≈≈≈≈≈
...# #......# #....≈≈≈.
...# #......# #...≈≈≈≈≈
...# #......# #...#≈.g.
..## ##..###. #...#.###
#.## #.. . #........
#..# #.. . #..##.###
##÷## #@.# .# ##..# #..#
# ...<# #..# ...........
.... ###........ .....
##.##..## ....... .# .#
......$. ##.# #
#......... #...


You could see an orc wizard and a goblin (wandering).

Vanquished Creatures
  2 orc priests (D:2)
  An orc wizard (D:2)
  2 adders (D:2)
  2 oozes
  A dart slug (D:1)
  2 orcs (D:2)
  3 bats
  6 goblins
  A hobgoblin (D:1)
  2 jackals (D:1)
  3 quokkas (D:2)
  A frilled lizard (D:1)
  3 kobolds
  2 rats
31 creatures vanquished.

Notes
Turn   | Place    | Note
-------+----------+-------------------------------------------
     0 | D:1      | Ijustatesigmund the Octopode Conjurer began the quest for
                  | the Orb.
     0 | D:1      | Reached XP level 1. HP: 11/11 MP: 3/3
   271 | D:1      | Reached XP level 2. HP: 18/18 MP: 1/5
   318 | D:1      | Learned a level 2 spell: Searing Ray
   439 | D:1      | Reached skill level 1 in Fighting
  1111 | D:2      | Reached XP level 3. HP: 24/24 MP: 6/6
  1339 | D:2      | Learned a level 3 spell: Dazzling Spray
  1410 | D:2      | Found a bloodstained altar of Trog.
  1430 | D:2      | Reached skill level 1 in Hexes
  1475 | D:2      | Reached XP level 4. HP: 30/30 MP: 7/7
  1484 | D:2      | HP: 2/45 [something (2)]
  1601 | D:2      | Reached XP level 5. HP: 4/35 MP: 8/8
  1621 | D:2      | Killed from afar by an orc wizard

Vault maps used:
D:1:      lightli_arrival_quake
D:2:      cheibrodos_pilgrimage, lightli_temple_of_fire, serial_rivers,
          chequers_serial_rivers_large_a, chequers_serial_rivers_micro_e,
          chequers_serial_rivers_micro_d, chequers_serial_rivers_small_3,
          chequers_serial_rivers_micro_b, chequers_serial_rivers_small_b

Skill      XL: |  1  2  3  4 |
---------------+-------------+-----
Fighting       | 1 2 |  2.4
Hexes          | 1 3 |  3.4
Dodging        | |  2.0
Stealth        | |  2.6
Spellcasting   | |  2.0
Conjurations   | |  4.3

Action                   |  1- 3 |  4- 6 || total
-------------------------+-------+-------++-------
Melee: Tentacles         |     3 |     3 ||     6
       Unarmed           |     1 |       ||     1
       Dagger            |    26 |    18 ||    44
       Constrict         |     3 |     3 ||     6
 Cast: Magic Dart        |    26 |       ||    26
  Use: Scroll            |     1 |       ||     1
       Potion            |       |     1 ||     1
 Stab: Sleeping          |     7 |       ||     7
  Eat: Chunk             |     1 |     1 ||     2
Armor: Skin              |     1 |       ||     1
Dodge: Dodged            |    11 |     6 ||    17

Table legend:
 A = Non-vault XP
 B = Vault XP
 C = Vault XP percentage of total XP
 D = Non-vault monster count
 E = Vault monster count
 F = Vault count percentage of total count
                 A         B        C        D         E       F
            +---------+---------+-------+---------+---------+-------
      Total |      79 |     123 |  60.9 |      26 |       5 |  16.1
            +---------+---------+-------+---------+---------+-------
        D:1 |      32 |       0 |   0.0 |      15 |       0 |   0.0
        D:2 |      47 |     123 |  72.4 |      11 |       5 |  31.2
            +---------+---------+-------+---------+---------+-------
